Workbook

Sheet 税金计算表
A3: 多浪小镇一期老项目销售不动产税金计算表2023年9月收入税金计算（新疆通力阿克苏分公司） | J3: 预收明细表 | K3: 金额
A4: 序号 | B4: 税种 | C4: 金额 | D4: 税率 | E4: 金额 | F4: 实缴 | G4: 备注 | J4: 收到古丽马热木交来多浪小镇C4-101商铺款 | K4: 33000
A5: 1 | B5: 预交-增值税 | C5: =K6 -> 93500 | D5: 0.03 | E5: =C5/1.05*D5 -> 2671.4286 | F5: =E5 -> 2671.4286 | J5: 收到阿力木江交来多浪小镇C4-102/103商铺款 | K5: 60500
A6: 2 | B6: 预交-城建税 | C6: =F5 -> 2671.4286 | D6: 0.07 | E6: =ROUND(C6*D6,2) -> 187 | F6: =E6 -> 187 | J6: 商铺合计 | K6: =SUM(K4:K5) -> 93500
A7: 3 | B7: 预交-教育附加 | C7: =E5 -> 2671.4286 | D7: 0.03 | E7: =ROUND(C7*D7,2) -> 80.14 | F7: =E7 -> 80.14
A8: 4 | B8: 预交-地方教育附加 | C8: =E5 -> 2671.4286 | D8: 0.02 | E8: =ROUND(C8*D8,2) -> 53.43 | F8: =E8 -> 53.43
A9: 5 | B9: 增值税-开发票 | C9: 0 | D9: 0.02 | E9: =ROUND(C9*D9,2) -> 0 | F9: =E9 -> 0
A10: 6 | B10: 城建税 | C10: =E9 -> 0 | D10: 0.07 | E10: =ROUND(C10*D10,2) -> 0 | F10: =E10 -> 0
A11: 7 | B11: 教育附加 | C11: =E9 -> 0 | D11: 0.03 | E11: =ROUND(C11*D11,2) -> 0 | F11: =E11 -> 0
A12: 8 | B12: 地方教育附加 | C12: =E9 -> 0 | D12: 0.02 | E12: =ROUND(C12*D12,2) -> 0 | F12: =E12 -> 0
A13: 9 | B13: 预交土地增值税（普通） | C13: =0/1.05 -> 0 | D13: 0.01 | E13: =ROUND(C13*D13,2) -> 0 | F13: =E13 -> 0
A14: 10 | B14: 预交土地增值税（商铺） | C14: =K6/1.05 -> 89047.619 | D14: 0.03 | E14: =ROUND(C14*D14,2) -> 2671.43 | F14: =E14 -> 2671.43
A15: 11 | B15: 印花税（收入） | C15: 0 | D15: 0.0005 | E15: =C15*D15 -> 0 | F15: =E15 -> 0
A16: 12 | B16: 印花税（购进） | C16: 0 | D16: 0.0003 | E16: =ROUND(C16*D16,2) -> 0 | F16: =E16 -> 0
A17: 13 | B17: 企业所得税 | E17: 187497.54 | F17: =E17 -> 187497.54
A18: 新疆通力阿克苏分公司小计 | E18: =SUM(E5:E17) -> 193160.97 | F18: =SUM(F5:F17) -> 193160.97
B19: 土地使用税（新分康泰及一至三期） | E19: =土地使用税!K9 -> 67297.015 | F19: =E19 -> 67297.015
A20: 总合计 | E20: =E18+E19 -> 260457.98 | F20: =F18+F19 -> 260457.98

Sheet 土地使用税
A4: 新疆分公司交纳7-12月土地使用税明细
A5: 序号 | B5: 地块 | C5: 土地证面积 | D5: 总可售建筑面积 | E5: 合同备案销售面积 | F5: 已核减后地税局土地面积(平方) | G5: 核减后土地面积 | H5: 土地等级 | I5: 单价(元) | J5: 金额(元) | K5: 10月份应交 | L5: 地号 | M5: 土地证号 | N5: 备注
A6: 1 | B6: 多浪小镇C区 | C6: 33446.1 | D6: 58118.02 | E6: =系统合同备案面积表!F17 -> 25292.23 | F6: =(E6+E7)/(D6+D7)*(C6+C7) -> 49298.536 | G6: =C6+C7-F6 -> 21335.764 | H6: 三级 | I6: 6 | J6: =ROUND(G6*I6,2) -> 128014.59 | K6: =128569.42/2 -> 64284.71 | L6: 31-02-358 | M6: 阿市国用(2013)第84747号 | N6: 土地证
A7: 2 | B7: 多浪小镇A区 | C7: 37188.2 | D7: =21670.6+14820.21 -> 36490.81 | E7: =系统合同备案面积表!C17 -> 40739.1 | H7: 三级 | I7: 6 | L7: 31-02-359 | M7: 阿市国用(2013)第84748号 | N7: 土地证
A8: 3 | B8: 康泰公寓 | C8: 27452.9 | D8: 46436.07 | E8: =系统合同备案面积表!I17 -> 44737.65 | F8: =E8/D8*C8 -> 26448.798 | G8: =C8-F8 -> 1004.1021 | H8: 三级 | I8: 6 | J8: =ROUND(G8*I8,2) -> 6024.61 | K8: =J8/2 -> 3012.305 | L8: 14-04-013 | M8: 阿市国用(2013)第84749号 | N8: 土地证
A9: 合计 | C9: =SUM(C6:C8) -> 98087.2 | D9: =SUM(D6:D8) -> 141044.9 | E9: =SUM(E6:E8) -> 110768.98 | F9: =E9/D9*C9 -> 77032.343 | G9: =C9-F9 -> 21054.857 | J9: =SUM(J6:J8) -> 134039.2 | K9: =SUM(K6:K8) -> 67297.015
B11: 制表人： | E11: 制表时间：

Sheet 系统合同备案面积表
C2: 合同备案建筑面积 | F2: 合同备案建筑面积 | I2: 合同备案建筑面积
B3: A1 | C3: 2577.1 | E3: C1 | F3: 111.63 | H3: 康泰1 | I3: 12713.57
B4: A2 | C4: 3951.47 | E4: C2 | F4: 415.88 | H4: 康泰2# | I4: 4449.24
B5: A3 | C5: 3968.06 | E5: C3 | F5: 2619.95 | H5: 康泰3# | I5: 2313.8
B6: A4 | C6: 4912.44 | E6: C4 | F6: 3098.45 | H6: 康泰4# | I6: 3716.68
B7: A5 | C7: 2211.79 | E7: C5 | F7: 3089.97 | H7: 康泰5# | I7: 10630.7
B8: A6 | C8: 1881.48 | E8: C6 | F8: 1805.8 | H8: 康泰6# | I8: 4518.71
B9: A7 | C9: 2813.16 | E9: C7 | F9: 2519.44 | H9: 康泰7# | I9: 6394.95
B10: A8 | C10: 2931.82 | E10: C8 | F10: 3706.92
B11: A9 | C11: 3025.08 | E11: C9 | F11: 2792.8
B12: A10 | E12: C11 | F12: 3513.12
B13: A11 | C13: 3928.92 | E13: C13 | F13: 891.36
B14: A12 | C14: 5636.76 | E14: C16 | F14: 726.91
B15: A13 | C15: 1946.04 | E15: C17
B16: A14 | C16: 954.98
B17: A区小计 | C17: =SUM(C3:C16) -> 40739.1 | E17: C区小计 | F17: =SUM(F3:F16) -> 25292.23 | H17: 康泰小计 | I17: =SUM(I3:I16) -> 44737.65
B18: 总合计 | C18: =C17+F17+I17 -> 110768.98

Sheet 2023年11月税金
A3: 多浪小镇一期老项目销售不动产税金计算表2023年9月收入税金计算（新疆通力阿克苏分公司） | J3: 预收明细表 | K3: 金额
A4: 序号 | B4: 税种 | C4: 金额 | D4: 税率 | E4: 金额 | F4: 实缴 | G4: 备注 | J4: 收到古丽马热木交来多浪小镇C4-101商铺款 | K4: 33000
A5: 1 | B5: 预交-增值税 | C5: =K6 -> 93500 | D5: 0.03 | E5: =C5/1.05*D5 -> 2671.4286 | F5: =E5 -> 2671.4286 | J5: 收到阿力木江交来多浪小镇C4-102/103商铺款 | K5: 60500
A6: 2 | B6: 预交-城建税 | C6: =F5 -> 2671.4286 | D6: 0.07 | E6: =ROUND(C6*D6,2) -> 187 | F6: =E6 -> 187 | J6: 商铺合计 | K6: =SUM(K4:K5) -> 93500
A7: 3 | B7: 预交-教育附加 | C7: =E5 -> 2671.4286 | D7: 0.03 | E7: =ROUND(C7*D7,2) -> 80.14 | F7: =E7 -> 80.14
A8: 4 | B8: 预交-地方教育附加 | C8: =E5 -> 2671.4286 | D8: 0.02 | E8: =ROUND(C8*D8,2) -> 53.43 | F8: =E8 -> 53.43
A9: 5 | B9: 增值税-开发票 | C9: 0 | D9: 0.02 | E9: =ROUND(C9*D9,2) -> 0 | F9: =E9 -> 0
A10: 6 | B10: 城建税 | C10: =E9 -> 0 | D10: 0.07 | E10: =ROUND(C10*D10,2) -> 0 | F10: =E10 -> 0
A11: 7 | B11: 教育附加 | C11: =E9 -> 0 | D11: 0.03 | E11: =ROUND(C11*D11,2) -> 0 | F11: =E11 -> 0
A12: 8 | B12: 地方教育附加 | C12: =E9 -> 0 | D12: 0.02 | E12: =ROUND(C12*D12,2) -> 0 | F12: =E12 -> 0
A13: 9 | B13: 预交土地增值税（普通） | C13: =0/1.05 -> 0 | D13: 0.01 | E13: =ROUND(C13*D13,2) -> 0 | F13: =E13 -> 0
A14: 10 | B14: 预交土地增值税（商铺） | C14: =K6/1.05 -> 89047.619 | D14: 0.03 | E14: =ROUND(C14*D14,2) -> 2671.43 | F14: =E14 -> 2671.43
A15: 11 | B15: 印花税（收入） | C15: 0 | D15: 0.0005 | E15: =C15*D15 -> 0 | F15: =E15 -> 0
A16: 12 | B16: 印花税（购进） | C16: 0 | D16: 0.0003 | E16: =ROUND(C16*D16,2) -> 0 | F16: =E16 -> 0
A17: 13 | B17: 企业所得税 | E17: 187497.54 | F17: =E17 -> 187497.54
A18: 新疆通力阿克苏分公司小计 | E18: =SUM(E5:E17) -> 193160.97 | F18: =SUM(F5:F17) -> 193160.97
B19: 土地使用税（新分康泰及一至三期） | E19: =土地使用税!K9 -> 67297.015 | F19: =E19 -> 67297.015
A20: 总合计 | E20: =E18+E19 -> 260457.98 | F20: =F18+F19 -> 260457.98

Sheet 2023年12月税金
B2: 阿克苏分公司税金计算表
B3: 项目名称： | C3: 多浪一期 | D3: 期间 | E3: 202312 | H3: 日期 | I3: 2023.12.5 | J3: =D9/0.05 -> 0
B4: 预收款合计金额 | D4: 普通住宅 | E4: 普通住宅 | F4: 普通住宅 | G4: 商铺 | H4: 租赁收入（含税） | I4: 合计
D5: 前期已确认销项收入 | E5: 本期确认销项收入 | F5: 当月预收房款 | G5: 当月预收房款
E6: 1287545.2 | G6: 25000 | H6: 22979 | I6: =D6+E6+F6+H6 -> 1310524.2 | J6: =H6/1.05 -> 21884.762
B7: 税目 | C7: 税率 | I7: =D7+E7+F7+H7 -> 0
B8: 预缴增值税 | C8: 0.03 | D8: 0 | E8: 0 | I8: =D8+E8+F8+H8 -> 0
B9: 增值税 | C9: 0.05 | D9: 0 | E9: =E6*$C$9 -> 64377.262 | H9: =H6/1.05*C9 -> 1094.2381
B10: 预缴留抵 | E10: 696718.7
B11: 应交增值税 | E11: =E9-E10 -> -632341.44 | H11: =H9-H10 -> 1094.2381 | I11: =D11+H11 -> 1094.2381
B12: 城建税 | C12: 0.07 | D12: =D9*$C$12 -> 0 | E12: 0 | H12: =H9*$C$12 -> 76.596667 | I12: =D12+E12+F12+H12+G12 -> 76.596667
B13: 地方教育费附加 | C13: 0.02 | D13: =D9*$C$13 -> 0 | E13: 0 | H13: =H9*$C$13 -> 21.884762 | I13: =D13+E13+F13+H13+G13 -> 21.884762
B14: 教育费附加 | C14: 0.03 | D14: =D9*$C$14 -> 0 | E14: 0 | H14: =H9*$C$14 -> 32.827143 | I14: =D14+E14+F14+H14+G14 -> 32.827143
B15: 土地增值税 | C15: 0.01 | D15: 0 | F15: =F6/1.09*$C$15 -> 0 | H15: 0 | I15: =D15+E15+F15+H15+G15 -> 0
B16: 土地增值税 | C16: 0.03 | D16: 0 | G16: =G6/1.05*C16 -> 714.28571 | H16: 0 | I16: =D16+E16+F16+H16+G16 -> 714.28571
B17: 土地增值税 | C17: 0.04 | H17: 0 | I17: =D17+E17+F17+H17+G17 -> 0
B18: 印花税 | C18: 0.001 | H18: =H6*C18 -> 22.979 | I18: =D18+E18+F18+H18+G18 -> 22.979
B19: 企业所得税 | C19: 0.25 | I19: =D19+E19+F19+H19 -> 0
B20: 合计 | D20: =SUM(D8:D17) -> 0 | E20: 0 | F20: =SUM(F8:F17) -> 0 | G20: =SUM(G8:G17) -> 714.28571 | H20: =SUM(H11:H19) -> 1248.5257 | I20: =SUM(I11:I19) -> 1962.8114
B25: 项目 | C25: 金额
B26: 主营业务收入 | C26: 2523543.3
B27: 其他业务收入 | C27: 21884.76
B28: 主营业务成本 | C28: 188500
B29: 税金及附加 | C29: 298822.3
B30: 管理费用 | C30: 25478.69
B31: 财务费用 | C31: -2097.18
B32: 利润总额 | C32: =C26+C27-C28-C29-C30-C31 -> 2034724.3
B33: 所得税税率 | C33: 0.25
B34: 预缴企业所得税 | C34: 0
B35: 本期应交企业所得税 | C35: =C32*C33-C34 -> 508681.07
